 Dungeon Crawl Stone Soup version 0.17-a0-1714-g35622ae (webtiles) character file.

87 kae the Slasher (level 4, 0/39 HPs)
             Began as a Minotaur Fighter on Aug 23, 2015.
             Slain by Sigmund
             ... wielding a +4 scythe of slicing
              (7 damage)
             ... on level 3 of the Dungeon.
             The game lasted 00:01:05 (1542 turns).

kae the Slasher (Minotaur Fighter)                  Turns: 1542, Time: 00:01:05

Health: 0/39       AC:  7    Str: 25    XL:     4   Next: 28%
Magic:  3/3        EV:  2    Int:  6    God:
Gold:   141        SH:  9    Dex:  9    Spells: 0 memorised, 3 levels left

rFire  . . .     SeeInvis .     a - +0 long sword
rCold  . . .     Clarity  .     b - +0 scale mail
rNeg   . . .     SustAt   .     c - +0 shield
rPois  .         Gourm    .     (helmet restricted)
rElec  .         Spirit   .     (no cloak)
rCorr  .         Warding  .     q - +2 pair of gloves
rMut   .         Stasis   .     (no boots)
MR     .....                    (no amulet)
Stlth  ..........               (no ring)
                                m - +4 ring of strength

@: lethally poisoned (0 -> -1), flying, not resistant to hostile enchantments,
extremely unstealthy
A: retaliatory headbutt, horns 2, deformed body
a: no special abilities


You were on level 3 of the Dungeon.
You were not hungry.

You visited 1 branch of the dungeon, and saw 3 of its levels.

You collected 141 gold pieces.

Inventory:

Hand weapons
 a - a +0 long sword (weapon)
Armour
 b - a +0 scale mail (worn)
 c - a +0 shield (worn)
 q - a +2 pair of gloves (worn)
Jewellery
 m - a +4 ring of strength (left hand)
Magical devices
 r - a wand of random effects (12)
Scrolls
 e - a scroll of noise {unknown}
 f - a scroll of fog {unknown}
 g - a scroll of amnesia {unknown}
 i - 2 scrolls of enchant weapon {unknown}
 l - a scroll of teleportation {unknown}
 n - a scroll of magic mapping {unknown}
 p - a scroll of identify {unknown}
Potions
 d - a potion of might
Comestibles
 h - 4 fruits
 j - 2 meat rations
 s - a bread ration


   Skills:
 - Level 3.6 Fighting
 + Level 5.5 Long Blades
 - Level 3.6 Armour
 - Level 3.6 Shields


You had 3 spell levels left.
You didn't know any spells.

Dungeon Overview and Level Annotations

Branches:
Dungeon (3/15)

Altars:
Okawaru

Annotations:
D:3 Sigmund


Innate Abilities, Weirdness & Mutations

You reflexively headbutt those who attack you in melee.
You have a pair of horns on your head.
Armour fits poorly on your strangely shaped body.


Message History

You feel sick.
The hobgoblin hits you but does no damage.
You block the orc's attack. Something hits you!
* * * LOW HITPOINT WARNING * * *
x2 The orc hits you.
* * * LOW HITPOINT WARNING * * *
Drink which item? (? for menu, Esc to quit)
It was a potion of flight.
You feel very buoyant.
You fly up into the air.
The hobgoblin completely misses you. You furiously retaliate!
You headbutt the hobgoblin, but do no damage.
The orc barely misses you. You furiously retaliate!
You headbutt the orc, but do no damage.
Unknown command.
There is a stone staircase leading up here.
You feel sick.
The hobgoblin hits you but does no damage.
Something hits you!
You die...

...#.........
# #
..#.........
..
.#...........
...
............
..
#...$...!..
#.##..†......
#...o.†......
####g##..####
#@# ....
#....# ##..
###.... .
###...# ...#
....# ..##
..#


You could see an orc and a hobgoblin.

Vanquished Creatures
  4 adders
  3 worms (D:2)
  2 giant geckos (D:1)
  9 goblins
  5 hobgoblins
  A quokka (D:2)
  4 bats
  2 giant cockroaches (D:2)
  3 giant newts (D:1)
  6 kobolds
  6 rats
45 creatures vanquished.

Notes
Turn   | Place    | Note
--------------------------------------------------------------
     0 | D:1      | kae the Minotaur Fighter began the quest for the Orb.
     0 | D:1      | Reached XP level 1. HP: 19/19 MP: 0/0
   353 | D:1      | Reached XP level 2. HP: 19/26 MP: 1/1
   902 | D:1      | Reached skill level 4 in Long Blades
  1022 | D:2      | Reached XP level 3. HP: 25/31 MP: 2/2
  1160 | D:2      | Reached skill level 5 in Long Blades
  1222 | D:2      | Found an iron altar of Okawaru.
  1442 | D:2      | Reached XP level 4. HP: 36/39 MP: 3/3
  1527 | D:3      | Noticed Sigmund
  1533 | D:3      | Gained mutation: Your mind is acute. (Int +2) [potion of mutation]
  1533 | D:3      | Lost mutation: Your mind is acute. (Int +2) [potion of mutation]
  1533 | D:3      | Gained mutation: Armour fits poorly on your strangely shaped body. [potion of mutation]
  1542 | D:3      | Slain by Sigmund

Vault maps used:
D:1:      dpeg_arrival_boxes_within_box, hangedman_decor_slide_cut
D:2:      okawaru_metal_pillars_1_2, first_bread, minmay_misc_feat_plants
D:3:      minmay_rats_cheesy_pizza, uniq_sigmund

Action                   |  1- 3 |  4- 6 || total
-------------------------+-------+-------++-------
Melee: Long sword        |    93 |     6 ||    99
  Use: Potion            |       |     3 ||     3
  Eat: Bread ration      |     1 |       ||     1
